 Dungeon Crawl Stone Soup version 0.25-a0-681-gdf4e720381 (webtiles) character file.

Game seed: 16938823097279797974, levelgen mode: deterministic

207 DasRunzen the Sneak (level 5, -5/36 HPs)
             Began as an Octopode Assassin on Mar 30, 2020.
             Killed by nerve-wracking pain
             ... invoked by Grinder
              (8 damage)
             ... on level 3 of the Dungeon.
             The game lasted 00:09:21 (2386 turns).

DasRunzen the Sneak (Octopode Assassin)             Turns: 2386, Time: 00:09:22

Health: -5/36      AC:  1    Str: 11    XL:     5   Next: 85%
Magic:  14/14      EV: 14    Int: 13    God:
Gold:   104        SH:  0    Dex: 14    Spells: 4/4 levels left

rFire    . . .     SeeInvis .   a - +2 dagger
rCold    . . .     Gourm    .   (no shield)
rNeg     . . .     Faith    .   (helmet restricted)
rPois    .         Spirit   .   (no amulet)
rElec    .         Reflect  .   h - ring of magical power
rCorr    .         Harm     .   f - +4 ring of slaying
MR       .....                  (no ring)
Stlth    ++++......             (no ring)
HPRegen  0.12/turn              (no ring)
MPRegen  0.14/turn              (no ring)
                                (no ring)
                                (no ring)

@: no status effects
A: almost no armour, stealthy swim, amphibious, 8 rings, constrict 8, camouflage
1, gelatinous body 1
a: no special abilities


You were on level 3 of the Dungeon.
You were hungry.

You visited 1 branch of the dungeon, and saw 3 of its levels.

You collected 104 gold pieces.

Inventory:

Hand Weapons
 a - a +2 dagger (weapon)
Missiles
 b - 26 poisoned darts (quivered)
 c - 9 curare-tipped darts
Jewellery
 f - a +4 ring of slaying (right tentacle)
 h - a ring of magical power (left tentacle)
 n - an uncursed amulet of magic regeneration {unknown}
Scrolls
 i - a scroll of amnesia
 l - a scroll of teleportation
Potions
 e - 4 potions of flight
 g - a potion of brilliance
 j - a potion of invisibility {unknown}
 k - a potion of curing {unknown}
 m - 2 potions of cancellation {unknown}
Comestibles
 d - 4 rations


   Skills:
 + Level 3.3 Fighting
 + Level 3.3 Short Blades
 - Level 2.0 Throwing
 + Level 2.7 Dodging
 + Level 6.6 Stealth


You had 4 spell levels left.
You didn't know any spells.
Your spell library was empty.

Dungeon Overview and Level Annotations

Branches:
Dungeon (3/15)

Altars:

Annotations:
D:3 Grinder


Innate Abilities, Weirdness & Mutations

You cannot wear most types of armour.
You are very stealthy in the water. (Stealth+)
You are amphibious.
You can wear up to eight rings at the same time.
You can use your tentacles to constrict eight enemies at once.
Your skin changes colour to match your surroundings (Stealth+).
Your rubbery body absorbs attacks. (AC +1, EV +1)


Message History

You throw a poisoned dart.
The poisoned dart closely misses Grinder.
Grinder gestures at you.
You suddenly lose the ability to move!
Grinder gestures at you. Pain shoots through your body!
Grinder gestures at you. Pain shoots through your body! Grinder hits you!
* * * LOW HITPOINT WARNING * * *
You writhe in agony.
* * * LOW HITPOINT WARNING * * *
You can move again.
Unknown command.
Okay, then.
You hit Grinder but do no damage. Your grab misses Grinder.
Grinder is almost dead.
Grinder gestures at you. Pain shoots through your body!
You die...

##....#..........######
#####.########.........
#####.# #....####
......# ##...# #######
#...# ..# ##.## #.# #<#
#.# #.# #.# #@#
#.######## #5#
)......... #.#
#)#######. #.# ### #.#
# #.# # #(. # ###


You could see Grinder.

Vanquished Creatures
  Jessica (D:3)
  Natasha (D:2)
  Robin (D:2)
  4 adders
  4 oozes
  2 worms (D:2)
  A leopard gecko (D:2)
  2 ball pythons
  5 bats
  4 giant cockroaches
  15 goblins
  12 hobgoblins
  10 jackals
  8 kobolds
  4 frilled lizards
  7 rats
81 creatures vanquished.

Notes
Turn   | Place    | Note
-------+----------+-------------------------------------------
     0 | D:1      | DasRunzen the Octopode Assassin began the quest for the
                  | Orb.
     0 | D:1      | Reached XP level 1. HP: 14/14 MP: 1/1
    61 | D:1      | Reached XP level 2. HP: 11/19 MP: 2/2
   403 | D:1      | Reached XP level 3. HP: 22/25 MP: 3/3
   858 | D:2      | Noticed Robin
   902 | D:2      | Killed Robin
   921 | D:2      | Reached XP level 4. HP: 16/30 MP: 4/4
  1076 | D:2      | Reached skill level 6 in Stealth
  1732 | D:2      | Noticed Natasha
  1739 | D:2      | Killed Natasha
  1739 | D:2      | Reached XP level 5. HP: 32/36 MP: 5/5
  2285 | D:3      | Noticed Jessica
  2288 | D:3      | Killed Jessica
  2369 | D:3      | Noticed Grinder
  2378 | D:3      | Paralysed by Grinder for 7 turns
  2386 | D:3      | Killed from afar by Grinder

Levels and vault maps discovered:
D:1:      dpeg_arrival_arbitrary_a, layout_basic
D:2:      layout_basic, uniq_robin, uniq_natasha
D:3:      layout_loops_ring, uniq_jessica, uniq_grinder

Skill      XL: |  1  2  3  4 |
---------------+-------------+-----
Dodging        | 2 |  2.7
Stealth        | 6 |  6.6
Short Blades   | 3 |  3.3
Fighting       | 3 |  3.3
Throwing       | |  2.0

Action                   |  1- 3 |  4- 6 || total
-------------------------+-------+-------++-------
Melee: Dagger            |    80 |   104 ||   184
       Constrict         |    20 |    17 ||    37
       Tentacles         |    14 |    13 ||    27
Throw: Dart              |       |     2 ||     2
  Use: Scroll            |     4 |     1 ||     5
       Potion            |       |     3 ||     3
 Stab: Sleeping          |     2 |    14 ||    16
  Eat: Chunk             |       |     4 ||     4
Armor: Skin              |     9 |     9 ||    18
Dodge: Dodged            |    53 |    51 ||   104

Table legend:
 A = Non-vault XP
 B = Vault XP
 C = Vault XP percentage of total XP
 D = Non-vault monster count
 E = Vault monster count
 F = Vault count percentage of total count
                 A         B        C        D         E       F
            +---------+---------+-------+---------+---------+-------
      Total |     187 |     110 |  37.0 |      67 |      14 |  17.3
            +---------+---------+-------+---------+---------+-------
        D:1 |      44 |       0 |   0.0 |      23 |       0 |   0.0
        D:2 |      88 |      73 |  45.3 |      28 |      13 |  31.7
        D:3 |      55 |      37 |  40.2 |      16 |       1 |   5.9
            +---------+---------+-------+---------+---------+-------
